[Event "Championship"]
[Site "Chess.com"]
[Date "2021.02.13"]
[Round "4"]
[White "Readey, John"]
[Black "Porter, Ryan"]
[Result "1/2-1/2"]
[ECO "A53"]
[WhiteElo "2289"]
[BlackElo "2310"]
[PlyCount "104"]
[EventDate "2021.??.??"]
[TimeControl "3600+10"]

1. d4 d6 2. c4 e5 3. Nc3 exd4 4. Qxd4 Nc6 5. Qd2 Nf6 6. e4 Be7 7. b3 O-O 8. Bd3
Nd7 9. Nge2 Nc5 10. Bb1 a5 11. Nd5 f5 12. exf5 Bxf5 13. Bxf5 Rxf5 14. O-O Rf7
15. Nxe7+ Qxe7 16. Nc3 Ne4 17. Nxe4 Qxe4 18. Bb2 a4 19. Rfe1 Qf4 20. Re3 axb3
21. axb3 Rxa1+ 22. Bxa1 Qf5 23. Qe1 h6 24. Bc3 Qd7 25. Re8+ Rf8 26. Rxf8+ Kxf8
27. Qe4 Kg8 28. Kf1 Nd8 29. f4 Qe6 30. Qf3 Qf5 31. Qd5+ Qxd5 32. cxd5 c6 33.
Ba5 Nf7 34. Ke2 Kf8 35. Kd3 Ke7 36. Ke4 g6 37. Bc3 h5 38. Bg7 Nd8 39. g3 cxd5+
40. Kxd5 Ne6 41. Bb2 Nc7+ 42. Ke4 Ke6 43. h3 Na6 44. Ba3 Nc5+ 45. Bxc5 dxc5 46.
g4 hxg4 47. hxg4 b5 48. f5+ gxf5+ 49. gxf5+ Kf6 50. Kd5 c4 51. bxc4 bxc4 52.
Kxc4 Kxf5 {Game drawn - insufficient material} 1/2-1/2

[Event "Premier"]
[Site "Chess.com"]
[Date "2021.02.13"]
[Round "4"]
[White "Moroney, Tim"]
[Black "Nguyen, Thanh"]
[Result "1-0"]
[ECO "C54"]
[WhiteElo "2048"]
[BlackElo "2053"]
[PlyCount "59"]
[EventDate "2021.??.??"]
[TimeControl "3600+10"]

1. e4 e5 2. Nf3 Nc6 3. Bc4 Bc5 4. c3 Nf6 5. d4 exd4 6. e5 d5 7. Bb5 Ne4 8. cxd4
Bb6 9. Nc3 O-O 10. Be3 Bg4 11. Qa4 Ne7 12. Bd3 Bf5 13. Qc2 Nxc3 14. Bxf5 Nxf5
15. Qxf5 Ne4 16. O-O f6 17. exf6 Rxf6 18. Qh5 Qf8 19. Qxd5+ Qf7 20. Qxe4 Re8
21. Ne5 Qh5 22. Qxb7 Qf5 23. Rac1 h5 24. Qd5+ Ree6 25. Rc6 Kh7 26. Rxe6 Rxe6
27. Qf3 Rxe5 28. dxe5 Qxe5 29. Bxb6 axb6 30. Rd1 {othychess won by resignation}
1-0

[Event "Premier"]
[Site "Chess.com"]
[Date "2021.02.13"]
[Round "4"]
[White "Whale, Nicholas"]
[Black "Chang, Eddie"]
[Result "1/2-1/2"]
[ECO "B22"]
[WhiteElo "2074"]
[BlackElo "1897"]
[PlyCount "63"]
[EventDate "2021.??.??"]
[TimeControl "3600+10"]

1. e4 c5 2. Nf3 e6 3. c3 Nf6 4. e5 Nd5 5. d4 cxd4 6. cxd4 d6 7. Nc3 Nxc3 8.
bxc3 Qc7 9. Bd2 Nd7 10. exd6 Bxd6 11. Bd3 b6 12. O-O Bb7 13. a4 O-O 14. h3 Bf4
15. Bxf4 Qxf4 16. Qd2 Qxd2 17. Nxd2 Rac8 18. Rfc1 Rfd8 19. Ne4 Nf6 20. Nxf6+
gxf6 21. f4 e5 22. Bf5 Rc7 23. fxe5 fxe5 24. a5 bxa5 25. Rxa5 exd4 26. Rxa7
dxc3 27. Be4 Rdd7 28. Bxb7 Rxb7 29. Ra8+ Kg7 30. Rxc3 Rd6 31. Rg3+ Rg6 32. Raa3
{Game drawn by agreement} 1/2-1/2

[Event "Premier"]
[Site "Chess.com"]
[Date "2021.02.13"]
[Round "4"]
[White "Perez, Ignacio"]
[Black "Anand, Vignesh"]
[Result "0-1"]
[ECO "D37"]
[WhiteElo "2244"]
[BlackElo "2085"]
[PlyCount "94"]
[EventDate "2021.??.??"]
[TimeControl "3600+10"]

1. d4 Nf6 2. c4 e6 3. a3 d5 4. Nc3 Be7 5. Nf3 O-O 6. e3 c5 7. Bd3 b6 8. O-O
dxc4 9. Bxc4 Bb7 10. Qe2 Nbd7 11. Rd1 Qc7 12. Ba2 Rfd8 13. Bd2 Ne4 14. Be1 Rac8
15. Rac1 Qb8 16. Nxe4 Bxe4 17. Bc3 Qb7 18. dxc5 Nxc5 19. Ne5 Bf6 20. f3 Bxe5
21. Bxe5 Bd5 22. Bb1 Bb3 23. Rxd8+ Rxd8 24. Qe1 f6 25. Qh4 h6 26. Bd4 Qd5 27.
Qg3 e5 28. Bxc5 bxc5 29. h3 Qd2 30. Re1 Qxb2 31. Kh2 c4 32. Qg6 Qd2 33. Rf1 c3
34. Qh7+ Kf8 35. Qh8+ Kf7 36. Qh7 c2 37. Bxc2 Bxc2 38. e4 Qf4+ 39. Kh1 Rd2 40.
Qh8 Qg5 41. Rg1 Ba4 42. Qb8 Bd7 43. Qxa7 Kg6 44. Kh2 Qf4+ 45. Kh1 Kh7 46. Qc7
Bxh3 47. Qf7 Qh4 {VigneshRar won by resignation} 0-1

[Event "Premier"]
[Site "Chess.com"]
[Date "2021.02.13"]
[Round "4"]
[White "Novitski, Charles"]
[Black "Malugu, Satyajit"]
[Result "0-1"]
[ECO "B44"]
[WhiteElo "2073"]
[BlackElo "2156"]
[PlyCount "70"]
[EventDate "2021.??.??"]
[TimeControl "3600+10"]

1. e4 c5 2. Nf3 e6 3. d4 cxd4 4. Nxd4 Nc6 5. Be2 Nf6 6. Bg5 Qa5+ 7. Bd2 Qe5 8.
Nxc6 bxc6 9. f3 Qxb2 10. Bc3 Bb4 11. Bxb4 Qxb4+ 12. Nd2 d5 13. O-O O-O 14. e5
Qd4+ 15. Rf2 Qxe5 16. Bd3 Rb8 17. Qf1 c5 18. Re1 Qd4 19. Kh1 c4 20. Nxc4 dxc4
21. Bxc4 Rd8 22. Bd3 Bb7 23. Rd1 g6 24. Rfd2 Qf4 25. Qe2 Rd5 26. Bc4 Rh5 27.
Kg1 Qxh2+ 28. Kf2 Bxf3 29. Rd8+ Kg7 30. Qxf3 Rf5 31. Qxf5 gxf5 32. Rxb8 Qxb8
33. g3 Ne4+ 34. Ke3 Qxg3+ 35. Kd4 Qc3# {smalugu won by checkmate} 0-1

[Event "Premier"]
[Site "Chess.com"]
[Date "2021.02.13"]
[Round "4"]
[White "Haining, Kyle"]
[Black "Razmov, Valentin"]
[Result "1-0"]
[ECO "C68"]
[WhiteElo "2288"]
[BlackElo "1986"]
[PlyCount "145"]
[EventDate "2021.??.??"]
[TimeControl "3600+10"]

1. e4 e5 2. Nf3 Nc6 3. Bb5 a6 4. Bxc6 dxc6 5. O-O Bg4 6. h3 h5 7. d3 Qf6 8.
Nbd2 Ne7 9. Re1 Ng6 10. d4 Nf4 11. dxe5 Qg6 12. Nh4 Bxd1 13. Nxg6 Nxg6 14. Rxd1
O-O-O 15. e6 fxe6 16. Rf1 Ne5 17. Nb3 Be7 18. a4 b6 19. a5 Kb7 20. axb6 cxb6
21. Ra4 c5 22. Bf4 Bf6 23. Rfa1 Nc6 24. c3 a5 25. Be3 Be7 26. Kf1 Ne5 27. Nd2
Rhf8 28. Ke2 Nd3 29. Nc4 Nf4+ 30. Kf1 g5 31. b4 Nd3 32. R4a2 Bf6 33. bxc5 Bxc3
34. cxb6 Bxa1 35. Nxa5+ Kc8 36. Rxa1 g4 37. hxg4 hxg4 38. Ke2 Rd7 39. Ra3 Ne5
40. Rc3+ Kb8 41. g3 Ng6 42. b7 e5 43. Rc6 Ne7 44. Ra6 Rxb7 45. Nxb7 Kxb7 46.
Re6 Nc6 47. Rg6 Kc7 48. Bc5 Rf7 49. Rxg4 Nd8 50. Rg6 Nb7 51. Bb4 Kd7 52. Ke3
Nd8 53. Rd6+ Ke8 54. Rd5 Nc6 55. Bd6 Rd7 56. Bc5 Rg7 57. Rd6 Nd8 58. Bb6 Nf7
59. Rc6 Kd7 60. Rc7+ Kd6 61. Ba5 Ke6 62. Bc3 Rg8 63. Rc6+ Kd7 64. Ra6 Rg5 65.
Be1 Nd6 66. f4 exf4+ 67. gxf4 Rg8 68. e5 Nf5+ 69. Ke4 Ne7 70. Ra7+ Ke6 71. Bb4
Nf5 72. Ra6+ Kd7 73. Kxf5 {5sight won by resignation} 1-0

[Event "Invitational"]
[Site "Chess.com"]
[Date "2021.02.13"]
[Round "4"]
[White "Roberts, Teddy"]
[Black "Zhang, Victor"]
[Result "1-0"]
[ECO "B52"]
[WhiteElo "1934"]
[BlackElo "1734"]
[PlyCount "159"]
[EventDate "2021.??.??"]
[TimeControl "3600+10"]

1. e4 c5 2. Nf3 d6 3. Bb5+ Bd7 4. Bxd7+ Qxd7 5. O-O Nc6 6. c3 Nf6 7. Re1 e6 8.
d4 Be7 9. Bg5 cxd4 10. cxd4 O-O 11. Nc3 d5 12. e5 Ne8 13. Bf4 a6 14. h4 Nc7 15.
Qd3 h6 16. g4 b5 17. Ne2 Rac8 18. Ng3 Rfe8 19. Nh5 g6 20. Nf6+ Bxf6 21. exf6 e5
22. dxe5 Qxg4+ 23. Bg3 Nb4 24. Qd2 Ne6 25. Nh2 Qd4 26. Qxh6 Nc2 27. Rad1 Qxb2
28. Nf3 Nxe1 29. Rxe1 g5 30. Nxg5 Qc2 31. Nxe6 Qh7 32. Qg5+ Kh8 33. Ng7 Rg8 34.
e6 fxe6 35. Rxe6 Rcf8 36. Be5 Rf7 37. Rxa6 Qb1+ 38. Kh2 Qc2 39. Qh5+ Qh7 40.
Qxf7 Qxh4+ 41. Kg1 Qg4+ 42. Bg3 Qd1+ 43. Kh2 Qd3 44. Qh5+ Qh7 45. Qxh7+ Kxh7
46. Rd6 Kg6 47. Rxd5 Kxf6 48. Nf5 Ra8 49. Rxb5 Rxa2 50. Ne3 Ra6 51. Rd5 Ke6 52.
Kg2 Ra2 53. Kf3 Ra4 54. Rh5 Kf6 55. Rb5 Ra6 56. Bh4+ Ke6 57. Kg4 Ra8 58. f4
Rg8+ 59. Bg5 Kd6 60. f5 Kc6 61. Ra5 Kb6 62. Re5 Kc6 63. f6 Kd6 64. Rf5 Rf8 65.
f7 Ke6 66. Rf6+ Ke5 67. Nc4+ Kd5 68. Bh6 Rc8 69. f8=Q Rxf8 70. Rxf8 Kc5 71. Ne5
Kb4 72. Ng6 Kb3 73. Rc8 Kb2 74. Kf3 Ka1 75. Rb8 Ka2 76. Ke3 Ka1 77. Kd3 Ka2 78.
Kc3 Ka1 79. Kc2 Ka2 80. Ra8# {tmr68rocks won by checkmate} 1-0

[Event "Invitational"]
[Site "Chess.com"]
[Date "2021.02.13"]
[Round "4"]
[White "Leslie, Cameron"]
[Black "Ackerman, Ryan"]
[Result "1-0"]
[ECO "A21"]
[WhiteElo "2030"]
[BlackElo "1922"]
[PlyCount "111"]
[EventDate "2021.??.??"]
[TimeControl "3600+10"]

1. c4 e5 2. Nc3 Bb4 3. e4 Bxc3 4. dxc3 d6 5. Bd3 Nc6 6. Ne2 Nge7 7. Ng3 O-O 8.
O-O b6 9. Be3 f6 10. Nf5 Qe8 11. b4 Be6 12. Qg4 g5 13. Nh6+ Kg7 14. Qxe6 Kxh6
15. h4 Qg6 16. b5 Nd8 17. Qxe7 Rf7 18. Qe8 Qg7 19. Be2 Kg6 20. f4 gxf4 21. h5+
Kg5 22. Rf3 Re7 23. Rg3+ Kh6 24. Rxg7 Rxe8 25. Rxc7 fxe3 26. Bg4 Ne6 27. Bxe6
Rxe6 28. Kf1 a6 29. a4 axb5 30. cxb5 Kg5 31. Ke2 Kf4 32. Kd3 e2 33. Rc6 Rxa4
34. Re1 Rxe4 35. Rxb6 Re3+ 36. Kd2 e4 37. Rxe2 Rd3+ 38. Kc2 Re7 39. Rb8 Rc7 40.
Rxe4+ Kxe4 41. Re8+ Kd5 42. Kxd3 Kc5 43. c4 d5 44. cxd5 Kxd5 45. h6 Rb7 46. Rh8
Kc5 47. Ke4 Rxb5 48. Kf5 Rb2 49. Rxh7 Rf2+ 50. Kg6 Kd6 51. g4 Ke6 52. Ra7 Rg2
53. h7 Rxg4+ 54. Kh5 Rg1 55. Ra4 Kf5 56. h8=Q {CamLeslie won on time} 1-0

[Event "Invitational"]
[Site "Chess.com"]
[Date "2021.02.13"]
[Round "4"]
[White "Bell, Harry"]
[Black "Mathews, Dan"]
[Result "1/2-1/2"]
[ECO "A22"]
[WhiteElo "2000"]
[BlackElo "1702"]
[PlyCount "115"]
[EventDate "2021.??.??"]
[TimeControl "3600+10"]

1. c4 e5 2. Nc3 Nf6 3. Nf3 d6 4. e3 Be7 5. d4 exd4 6. exd4 Bf5 7. Bd3 Bxd3 8.
Qxd3 Qd7 9. O-O O-O 10. Bd2 Nc6 11. Rfe1 Rae8 12. d5 Nb8 13. b4 Bd8 14. a4
Rxe1+ 15. Rxe1 Re8 16. Kf1 Rxe1+ 17. Bxe1 Qe8 18. h3 Nbd7 19. Qe2 Qxe2+ 20.
Kxe2 Nh5 21. g3 Nhf6 22. Nd2 Kf8 23. f4 Ng8 24. Kd3 Ngf6 25. a5 a6 26. g4 h6
27. Bf2 Ke8 28. Nb3 Ng8 29. Nd4 Ne7 30. Nb3 Ng6 31. Be3 Ne7 32. Bd4 Kf8 33. c5
dxc5 34. bxc5 Ng6 35. Be3 Ke8 36. Kc4 Ne7 37. Nd4 Nf6 38. c6 bxc6 39. Nxc6 Nd7
40. Nb4 Nf6 41. Nxa6 c6 42. dxc6 Nxc6 43. Nc5 Bxa5 44. Nd5 Nxd5 45. Kxd5 Ne7+
46. Ke4 Bc7 47. Bd4 g6 48. Bg7 f5+ 49. Kf3 fxg4+ 50. hxg4 h5 51. gxh5 gxh5 52.
Ne6 Bd6 53. Bh6 Kf7 54. Nd4 Ng6 55. Bg5 Bxf4 56. Bxf4 Nxf4 57. Kxf4 h4 58. Kg4
{Game drawn by agreement} 1/2-1/2

[Event "Invitational"]
[Site "Chess.com"]
[Date "2021.02.13"]
[Round "4"]
[White "Colombo, Dominic"]
[Black "Anoop, Pranav K."]
[Result "0-1"]
[ECO "B33"]
[WhiteElo "1960"]
[BlackElo "1951"]
[PlyCount "126"]
[EventDate "2021.??.??"]
[TimeControl "3600+10"]

1. e4 c5 2. Nf3 Nc6 3. d4 cxd4 4. Nxd4 Nf6 5. Nc3 e5 6. Ndb5 d6 7. Bg5 a6 8.
Na3 b5 9. Nd5 Be7 10. Bxf6 Bxf6 11. c4 b4 12. Nc2 O-O 13. Be2 a5 14. O-O Bg5
15. Qd3 Be6 16. Rad1 g6 17. f4 exf4 18. Nxf4 Bxf4 19. Rxf4 Ne5 20. Qd4 Qc7 21.
b3 Rfd8 22. Ne3 a4 23. Rdf1 axb3 24. axb3 Qa7 25. Rd1 Qa2 26. Rd2 Qxb3 27. Rb2
Qa4 28. Bd1 Qa5 29. Bb3 Nc6 30. Qd2 Qc5 31. Rf1 Ne5 32. Kh1 Ra6 33. Nf5 Bxf5
34. exf5 Nd7 35. Qh6 Qd4 36. fxg6 hxg6 37. Rd2 Qg7 38. Qg5 Rf8 39. Qb5 Nc5 40.
Qxb4 Rfa8 41. Bc2 Ra2 42. Rxd6 Qe5 43. Rd2 Rb2 44. Rd5 Qe2 45. Qe1 Qxc2 46. Rg5
Ne6 47. Rg3 Qe2 48. Qxe2 Rxe2 49. Rc1 Rc8 50. h3 Re4 51. Rgc3 Rc5 52. Rf1 Rexc4
53. Rcf3 Rc7 54. Kh2 Kg7 55. R3f2 Rc2 56. Rxc2 Rxc2 57. Kg3 f5 58. Ra1 Kf6 59.
Ra6 Ke5 60. Kf3 Nd4+ 61. Kg3 f4+ 62. Kh2 Nf3+ 63. Kh1 Rc1# {P_K_A won by
checkmate} 0-1

[Event "Invitational"]
[Site "Chess.com"]
[Date "2021.02.13"]
[Round "4"]
[White "Bian, Erin"]
[Black "Van Weerdhuizen, Lane"]
[Result "1/2-1/2"]
[ECO "B00"]
[WhiteElo "1795"]
[BlackElo "1869"]
[PlyCount "58"]
[EventDate "2021.??.??"]
[TimeControl "3600+10"]

1. e4 g6 2. d4 Bg7 3. Nf3 d6 4. Nc3 Bg4 5. Be3 Nf6 6. h3 Bxf3 7. Qxf3 Nc6 8.
O-O-O O-O 9. g4 e5 10. dxe5 Nxe5 11. Qg3 Qe7 12. f3 c6 13. h4 h5 14. Be2 Rad8
15. gxh5 Nxh5 16. Qh2 d5 17. f4 Nc4 18. Bxc4 dxc4 19. e5 b5 20. Ne4 Bh6 21. Qf2
Rxd1+ 22. Rxd1 Rd8 23. Rg1 Kh7 24. Ng5+ Bxg5 25. Rxg5 Ng7 26. f5 Nxf5 27. Rxf5
gxf5 28. Bg5 Qd7 29. Bxd8 Qxd8 {Game drawn by agreement} 1/2-1/2

[Event "Championship"]
[Site "Chess.com"]
[Date "2021.02.14"]
[Round "5"]
[White "Koons, Nat"]
[Black "He, Anthony"]
[Result "0-1"]
[ECO "A21"]
[WhiteElo "2290"]
[BlackElo "2500"]
[PlyCount "78"]
[EventDate "2021.??.??"]
[TimeControl "3600+10"]

1. c4 e5 2. Nc3 Bb4 3. Nd5 Bc5 4. e3 Nf6 5. Nf3 Nxd5 6. cxd5 d6 7. Qc2 Nd7 8.
a3 Qe7 9. b4 Bb6 10. Bb2 O-O 11. Bc4 f5 12. h4 e4 13. Ng5 Ne5 14. f3 f4 15.
Qxe4 Bf5 16. Qxe5 Qxe5 17. Bxe5 dxe5 18. e4 Bg6 19. d6+ Kh8 20. d7 Bh5 21. Rc1
c6 22. b5 Rf6 23. bxc6 bxc6 24. Be6 c5 25. Ke2 h6 26. Bd5 Rd8 27. Ne6 Rxd7 28.
Nxc5 Rd8 29. Nb7 Rb8 30. Rc2 Rg6 31. Rhc1 Rxg2+ 32. Kd3 Bxf3 33. Rc8+ Rxc8 34.
Rxc8+ Kh7 35. Nd6 Kg6 36. Bf7+ Kf6 37. Re8 Be2+ 38. Kc2 Bg4 39. Bg8 Bd7 {
0gZPanda won on time} 0-1

[Event "Championship"]
[Site "Chess.com"]
[Date "2021.02.14"]
[Round "5"]
[White "Levine, Joseph"]
[Black "Sang, Tian"]
[Result "0-1"]
[ECO "C54"]
[WhiteElo "2179"]
[BlackElo "2344"]
[PlyCount "90"]
[EventDate "2021.??.??"]
[TimeControl "3600+10"]

1. e4 e5 2. Nf3 Nc6 3. Bc4 Bc5 4. c3 Nf6 5. d3 a6 6. Bb3 O-O 7. O-O Ba7 8. Re1
h6 9. Nbd2 d6 10. Nf1 Nh5 11. d4 Qf6 12. Be3 Bg4 13. d5 Ne7 14. N1d2 Nf4 15.
Bc4 c6 16. dxc6 bxc6 17. Bf1 Neg6 18. g3 Nh3+ 19. Bxh3 Bxh3 20. c4 Bg4 21. Kg2
Qe6 22. Qc2 f5 23. exf5 Bxf5 24. Qa4 d5 25. cxd5 cxd5 26. Rac1 Bh3+ 27. Kg1 Qf7
28. Bxa7 Rxa7 29. Re2 e4 30. Ne1 e3 31. Ndf3 Ne5 32. Rxe3 Nc4 33. Re2 Bg4 34.
Rc3 Qh5 35. b3 Nd6 36. Ree3 Ne4 37. Rcd3 Raf7 38. Qc6 Bxf3 39. Nxf3 Rxf3 40.
Rxd5 Ng5 41. h4 Rxe3 42. fxe3 Qf3 43. Qc4 Qf2+ 44. Kh1 Qe1+ 45. Kg2 Rf2# {
pawnbing won by checkmate} 0-1

[Event "Championship"]
[Site "Chess.com"]
[Date "2021.02.14"]
[Round "5"]
[White "Airapetian, Chouchanik"]
[Black "Lee, Megan"]
[Result "0-1"]
[ECO "C45"]
[WhiteElo "2104"]
[BlackElo "2329"]
[PlyCount "58"]
[EventDate "2021.??.??"]
[TimeControl "3600+10"]

1. e4 e5 2. Nf3 Nc6 3. d4 exd4 4. Nxd4 Nf6 5. Nxc6 bxc6 6. e5 Qe7 7. Qe2 Nd5 8.
c4 Ba6 9. b3 g6 10. Bb2 Bg7 11. Nd2 O-O 12. O-O-O Rfe8 13. Qe4 Nb6 14. f4 d5
15. Qc2 Bb7 16. Bd3 Nd7 17. Nf3 Nc5 18. Rhe1 Rad8 19. f5 Nxd3+ 20. Rxd3 Bc8 21.
f6 Bh6+ 22. Kb1 Qf8 23. cxd5 Bf5 24. e6 fxe6 25. Qc3 e5 26. f7+ Qxf7 27. Rxe5
Rxe5 28. Qxe5 Bxd3+ 29. Ka1 Bg7 {MeganLee-SEA won by resignation} 0-1

[Event "Championship"]
[Site "Chess.com"]
[Date "2021.02.14"]
[Round "5"]
[White "Mahajan, Rushaan"]
[Black "Readey, John"]
[Result "1/2-1/2"]
[ECO "A15"]
[WhiteElo "2221"]
[BlackElo "2289"]
[PlyCount "116"]
[EventDate "2021.??.??"]
[TimeControl "3600+10"]

1. Nf3 Nf6 2. g3 g6 3. b3 Bg7 4. Bb2 d5 5. c4 O-O 6. cxd5 Nxd5 7. Bxg7 Kxg7 8.
Bg2 Nc6 9. d4 Nf6 10. Nc3 Bg4 11. e3 e5 12. dxe5 Nd7 13. O-O Ncxe5 14. Qd4 c5
15. Qd5 Bxf3 16. Bxf3 Nxf3+ 17. Qxf3 b6 18. Rad1 Qf6 19. Qe2 Qxc3 20. Rxd7 Rfd8
21. Rfd1 Qf6 22. Qd3 Rxd7 23. Qxd7 Qf3 24. Rd2 h5 25. h4 a5 26. a4 Rb8 27. Rd6
Qe4 28. Qb5 Qb1+ 29. Kg2 Qe4+ 30. Kh2 Qc2 31. Kg2 Qe4+ 32. Kf1 Qb1+ 33. Ke2
Qc2+ 34. Rd2 Qe4 35. Qc4 Qe7 36. Qd3 Rb7 37. Kf1 Qe6 38. Kg1 Re7 39. Qd8 Re8
40. Qd3 Re7 41. Qc3+ Qf6 42. Qc4 Qe6 43. Qc2 Rc7 44. Qc3+ Qf6 45. Qxf6+ Kxf6
46. Rd6+ Ke5 47. Rxb6 c4 48. bxc4 Rxc4 49. Rb5+ Ke4 50. Rxa5 Kf3 51. Ra7 f5 52.
a5 Rc1+ 53. Kh2 Rc2 54. Rg7 Rxf2+ 55. Kh3 Rf1 56. Kh2 Rf2+ 57. Kh3 Rf1 58. Kh2
Rf2+ {Game drawn by repetition} 1/2-1/2

[Event "Championship"]
[Site "Chess.com"]
[Date "2021.02.14"]
[Round "5"]
[White "Porter, Ryan"]
[Black "Vijayakumar, Advaith"]
[Result "1-0"]
[ECO "A14"]
[WhiteElo "2310"]
[BlackElo "2026"]
[PlyCount "95"]
[EventDate "2021.??.??"]
[TimeControl "3600+10"]

1. c4 Nf6 2. g3 e6 3. Bg2 d5 4. Nf3 Be7 5. O-O O-O 6. b3 b6 7. Bb2 Bb7 8. d3 c5
9. Nbd2 d4 10. b4 Nbd7 11. bxc5 bxc5 12. e3 e5 13. exd4 exd4 14. Re1 Re8 15.
Nb3 Qc7 16. Qd2 a5 17. Rab1 a4 18. Na1 Bd6 19. Nc2 Bc6 20. Na3 Rxe1+ 21. Nxe1
Bxg2 22. Nxg2 Ne5 23. Qd1 Qc6 24. Ne1 h5 25. Bc1 h4 26. Bf4 Neg4 27. Bxd6 Qxd6
28. Nb5 Qc6 29. Qf3 Ne5 30. Qxc6 Nxc6 31. Nd6 hxg3 32. hxg3 a3 33. Nc2 Ne5 34.
Rb3 Nfg4 35. Nb7 Nf3+ 36. Kg2 Nd2 37. Rxa3 Re8 38. Nxc5 Re2 39. Nxd4 Rxf2+ 40.
Kh3 Ne3 41. Ne4 Nxe4 42. dxe4 Nxc4 43. Ra8+ Kh7 44. a4 Ne3 45. Rb8 g5 46. Rb3
Nc4 47. Kg4 Ne5+ 48. Kh5 {retropwr won on time} 1-0

[Event "Premier"]
[Site "Chess.com"]
[Date "2021.02.14"]
[Round "5"]
[White "Nguyen, Thanh"]
[Black "Novitski, Charles"]
[Result "1-0"]
[ECO "B23"]
[WhiteElo "2053"]
[BlackElo "2073"]
[PlyCount "105"]
[EventDate "2021.??.??"]
[TimeControl "3600+10"]

1. e4 c5 2. Nc3 d6 3. d4 cxd4 4. Qxd4 Nc6 5. Qd2 Nf6 6. b3 g6 7. Bb2 Bg7 8.
O-O-O O-O 9. Kb1 a5 10. f3 Be6 11. Bb5 Na7 12. Be2 Qb8 13. h4 h5 14. Nd5 Bxd5
15. exd5 b5 16. Qxa5 Qb7 17. c4 bxc4 18. Bxc4 Rfc8 19. Ne2 Rc5 20. Qd2 Nb5 21.
Bxb5 Rxb5 22. Nc3 Rba5 23. g4 Nxd5 24. Na4 Rxa4 25. bxa4 Rb8 26. Rh2 Bxb2 27.
Qxb2 Nc3+ 28. Kc1 Nxd1 29. Qxb7 Rxb7 30. Kxd1 Ra7 31. gxh5 gxh5 32. Kc2 Rxa4
33. Kb3 Ra8 34. Rg2+ Kh7 35. Kb4 f5 36. a4 e5 37. Rg5 f4 38. a5 Kh6 39. Kb5 e4
40. fxe4 f3 41. Rf5 Re8 42. a6 Rxe4 43. a7 Re8 44. Rxf3 d5 45. Kc5 Ra8 46. Ra3
d4 47. Kxd4 Kg6 48. Ke5 Re8+ 49. Kd6 Ra8 50. Ke6 Re8+ 51. Kd7 Ra8 52. Ra5 Kf6
53. Kc7 {thanhnguyen-sea won by resignation} 1-0

[Event "Premier"]
[Site "Chess.com"]
[Date "2021.02.14"]
[Round "5"]
[White "Anand, Vignesh"]
[Black "Whale, Nicholas"]
[Result "1-0"]
[ECO "B20"]
[WhiteElo "2085"]
[BlackElo "2074"]
[PlyCount "83"]
[EventDate "2021.??.??"]
[TimeControl "3600+10"]

1. e4 c5 2. g3 Nc6 3. Bg2 g6 4. Ne2 Bg7 5. c3 e5 6. d3 d6 7. Be3 Nge7 8. O-O
O-O 9. d4 b6 10. Qd2 Ba6 11. d5 Nb8 12. a4 Nd7 13. f4 f5 14. Rf2 fxe4 15. Bxe4
Nf5 16. Bxf5 Rxf5 17. g4 Rf7 18. f5 Qh4 19. Rg2 Bxe2 20. Bg5 Bh6 21. Bxh4 Bxd2
22. Nxd2 Bd3 23. Rg3 e4 24. Re1 gxf5 25. gxf5+ Kf8 26. Nxe4 Bxe4 27. Rxe4 Ne5
28. Rf4 Rb8 29. Bg5 b5 30. Bh6+ Ke7 31. f6+ Kd7 32. Rg7 Rbf8 33. axb5 Ke8 34.
Rxf7 Rxf7 35. Bg7 Rb7 36. c4 Kf7 37. Kg2 Nd3 38. Rh4 Kg8 39. Re4 Nxb2 40. Re7
Rxe7 41. fxe7 Kf7 42. Bxb2 {VigneshRar won by resignation} 1-0

[Event "Premier"]
[Site "Chess.com"]
[Date "2021.02.14"]
[Round "5"]
[White "Malugu, Satyajit"]
[Black "Perez, Ignacio"]
[Result "0-1"]
[ECO "B07"]
[WhiteElo "2156"]
[BlackElo "2244"]
[PlyCount "90"]
[EventDate "2021.??.??"]
[TimeControl "3600+10"]

1. e4 d6 2. d4 g6 3. Nc3 Bg7 4. Be3 Nf6 5. Qd2 Ng4 6. Bg5 h6 7. Bh4 O-O 8. f3
Nf6 9. O-O-O b5 10. Bxb5 c6 11. Bc4 Qa5 12. Kb1 Qb4 13. Bb3 a5 14. Na4 Qb7 15.
Ne2 Nbd7 16. Bf2 Nb6 17. Nxb6 Qxb6 18. Nc3 Bd7 19. Na4 Qb7 20. c4 Be6 21. Be3
Kh7 22. g4 Rfb8 23. h4 Qa6 24. Qc2 Rb4 25. Rc1 Rab8 26. h5 Ng8 27. g5 c5 28.
hxg6+ fxg6 29. gxh6 Bh8 30. Qd3 Nf6 31. Rh2 Bd7 32. Qd1 Qb7 33. e5 Bxa4 34.
exf6 Bxf6 35. Rcc2 Bd7 36. dxc5 a4 37. Bd4 axb3 38. Rce2 Bf5+ 39. Ka1 e5 40.
Bc3 Ra4 41. a3 Qxf3 42. Re1 Rxa3+ 43. bxa3 Qxc3+ 44. Rb2 Ra8 45. Qxb3 Rxa3+ {
CubanKnight67 won by resignation} 0-1

[Event "Premier"]
[Site "Chess.com"]
[Date "2021.02.14"]
[Round "5"]
[White "Razmov, Valentin"]
[Black "Moroney, Tim"]
[Result "0-1"]
[ECO "D85"]
[WhiteElo "1986"]
[BlackElo "2048"]
[PlyCount "78"]
[EventDate "2021.??.??"]
[TimeControl "3600+10"]

1. d4 Nf6 2. c4 g6 3. Nc3 d5 4. cxd5 Nxd5 5. Bd2 Bg7 6. e4 Nxc3 7. Bxc3 O-O 8.
Qd2 c5 9. d5 e6 10. Bxg7 Kxg7 11. Nf3 exd5 12. exd5 Re8+ 13. Be2 Qe7 14. Kf1
Bg4 15. Re1 Nd7 16. h3 Bxf3 17. Bxf3 Qxe1+ 18. Qxe1 Rxe1+ 19. Kxe1 Ne5 20. Ke2
Rd8 21. Rd1 Nxf3 22. Kxf3 Kf6 23. Ke4 Rd7 24. a4 Ke7 25. Rd2 Kd6 26. f4 Re7+
27. Kf3 Re1 28. Kg4 Re4 29. b3 Re3 30. Kg5 Rxb3 31. Kf6 Rb4 32. g3 Rxa4 33.
Kxf7 Ra3 34. Rg2 Re3 35. Ra2 a6 36. Rb2 b5 37. Ra2 Rxg3 38. Rxa6+ Kxd5 39. Kf6
Rxh3 {othychess won by resignation} 0-1

[Event "Premier"]
[Site "Chess.com"]
[Date "2021.02.14"]
[Round "5"]
[White "Chang, Eddie"]
[Black "Haining, Kyle"]
[Result "0-1"]
[ECO "E90"]
[WhiteElo "1897"]
[BlackElo "2288"]
[PlyCount "74"]
[EventDate "2021.??.??"]
[TimeControl "3600+10"]

1. d4 g6 2. c4 Bg7 3. e4 d6 4. Nc3 Nf6 5. h3 O-O 6. Nf3 c5 7. d5 e6 8. Bd3 exd5
9. exd5 Qe7+ 10. Be3 Bh6 11. O-O Bxe3 12. fxe3 Nbd7 13. Qd2 Kg7 14. Rf2 Ne5 15.
Nxe5 Qxe5 16. Raf1 Nh5 17. Ne4 f5 18. g4 Ng3 19. Nxg3 Qxg3+ 20. Rg2 Qxh3 21.
Qf2 f4 22. exf4 Qxd3 23. Qh4 Qe3+ 24. Kh1 Rxf4 25. Re1 Qf3 26. Re7+ Rf7 27.
Rxf7+ Qxf7 28. Rf2 Qe8 29. Rf1 Qe4+ 30. Kh2 Bf5 31. Re1 Qf4+ 32. Kh3 g5 33.
Re7+ Kf8 34. Qh6+ Kxe7 35. Qg7+ Kd8 36. Qf8+ Kc7 37. Qxa8 Qf3+ {5sight won by
resignation} 0-1

[Event "Invitational"]
[Site "Chess.com"]
[Date "2021.02.14"]
[Round "5"]
[White "Mathews, Dan"]
[Black "Bian, Erin"]
[Result "1/2-1/2"]
[ECO "D02"]
[WhiteElo "1702"]
[BlackElo "1795"]
[PlyCount "72"]
[EventDate "2021.??.??"]
[TimeControl "3600+10"]

1. d4 Nf6 2. Nf3 e6 3. g3 c5 4. e3 Nc6 5. Bg2 d5 6. O-O Be7 7. b3 cxd4 8. Nxd4
e5 9. Nxc6 bxc6 10. Bb2 Qd6 11. Ba3 Qc7 12. Bxe7 Qxe7 13. c4 Bb7 14. cxd5 cxd5
15. Nc3 Rd8 16. Qe2 O-O 17. Rfd1 Qb4 18. Rac1 d4 19. Qb5 Qxb5 20. Nxb5 Bxg2 21.
Kxg2 dxe3 22. fxe3 Ng4 23. Rxd8 Rxd8 24. Kf3 Nxh2+ 25. Ke4 Ng4 26. Nxa7 Nf2+
27. Kf3 Nd3 28. Rc8 Rxc8 29. Nxc8 Nc1 30. b4 Nxa2 31. b5 Nb4 32. b6 Nc6 33. Ke4
Kf8 34. Kd5 Nb8 35. Kxe5 Nd7+ 36. Kf4 f6 {Game drawn by agreement} 1/2-1/2

[Event "Invitational"]
[Site "Chess.com"]
[Date "2021.02.14"]
[Round "5"]
[White "Van Weerdhuizen, Lane"]
[Black "Roberts, Teddy"]
[Result "0-1"]
[ECO "C44"]
[WhiteElo "1869"]
[BlackElo "1934"]
[PlyCount "100"]
[EventDate "2021.??.??"]
[TimeControl "3600+10"]

1. e4 e5 2. d4 exd4 3. c3 dxc3 4. Bc4 Nc6 5. Nxc3 Nf6 6. Nf3 Bb4 7. e5 d5 8.
exf6 dxc4 9. Qe2+ Be6 10. fxg7 Rg8 11. Bg5 Qd3 12. Qxd3 cxd3 13. Bf6 Be7 14.
Bxe7 Nxe7 15. O-O-O O-O-O 16. Ne5 Rxg7 17. Rhg1 Bf5 18. g4 Bg6 19. f4 f6 20.
Nxg6 Nxg6 21. f5 Ne5 22. h3 d2+ 23. Kc2 Nc4 24. Rg3 Re7 25. Kb3 Ne3 26. Rdg1
d1=Q+ 27. Nxd1 Rxd1 28. Rxd1 Nxd1 29. Kc2 Ne3+ 30. Kd3 Nd5 31. g5 fxg5 32. Rxg5
Nf4+ 33. Kd4 Nxh3 34. Rg8+ Kd7 35. f6 Rf7 36. Ke3 h6 37. Rg6 Ng5 38. Rxh6 Ke6
39. Kf4 Nh7 40. Ke4 Nxf6+ 41. Kd4 a5 42. Rh3 Kd6 43. Kc4 b6 44. b4 axb4 45.
Kxb4 Nd5+ 46. Kb5 c6+ 47. Ka6 b5 48. a4 bxa4 49. Rh6+ Kc5 50. Rh3 Nb4+ {
tmr68rocks won on time} 0-1